 Dungeon Crawl Stone Soup version 0.17-a0-2006-g94b6906 (webtiles) character file.

500 valsik64 the Archer (level 6, -1/55 HPs)
             Began as a Centaur Hunter on Oct 8, 2015.
             Was a Believer of Trog.
             Slain by a giant frog (4 damage)
             ... on level 4 of the Dungeon.
             The game lasted 00:25:59 (5654 turns).

valsik64 the Archer (Centaur Hunter)                Turns: 5654, Time: 00:25:59

Health: -1/55      AC:  5    Str: 14    XL:     6   Next: 94%
Magic:  6/6        EV:  8    Int: 15    God:    Trog [**....]
Gold:   212        SH:  0    Dex: 12    Spells: 0 memorised, 5 levels left

rFire  . . .     SeeInvis .     b - +0 short sword (venom)
rCold  . . .     Clarity  .     I - +1 leather armour {MR+}
rNeg   . . .     SustAt   .     (no shield)
rPois  .         Gourm    .     (no helmet)
rElec  .         Spirit   .     (no cloak)
rCorr  .         Warding  .     (no gloves)
rMut   .         Stasis   .     (no barding)
MR     +....                    (no amulet)
Stlth  +.........               (no ring)
                                (no ring)

@: brilliant, heavily drained, very quick, somewhat resistant to hostile
enchantments, very unstealthy
A: hooves 3, deformed body, speed 2, tough skin 3
a: Burn Spellbooks, Berserk, Trog's Hand, Renounce Religion


You were on level 4 of the Dungeon.
You worshipped Trog.
Trog was pleased with you.
You were not hungry.

You visited 1 branch of the dungeon, and saw 4 of its levels.

You collected 212 gold pieces.

Inventory:

Hand Weapons
 a - a +1 shortbow
 b - a +0 short sword of venom (weapon)
 h - a +0 hunting sling
 v - a cursed +0 blowgun
 C - a +3 dagger
Missiles
 c - 6 sling bullets of flame
 m - 105 stones (quivered)
 n - 20 bolts
 s - 28 arrows
 u - 7 bolts of flame
 y - 3 tomahawks
 J - 11 poisoned needles
 K - 10 sling bullets
Armour
 I - a +1 leather armour of magic resistance (worn)
Scrolls
 f - 2 scrolls of remove curse {unknown}
 g - 3 scrolls of identify {unknown}
 i - 3 scrolls of teleportation {unknown}
 k - 2 scrolls of recharging {unknown}
 r - 2 scrolls of enchant armour {unknown}
 A - a scroll of amnesia {unknown}
 B - a scroll of random uselessness {unknown}
 F - a scroll of magic mapping {unknown}
Potions
 j - a potion of haste {unknown}
 o - 2 potions of brilliance
 q - 2 potions of flight {unknown}
 t - a potion of might {unknown}
 w - 2 potions of agility {unknown}
 z - a potion of cancellation {unknown}
 D - a potion of mutation {unknown}
 E - 2 potions of cure mutation {unknown}
 G - a potion of lignification {unknown}
 H - a potion of resistance {unknown}
Comestibles
 d - a chunk of flesh
 e - 5 bread rations
 l - a beef jerky
 p - 3 meat rations
 x - a slice of pizza


   Skills:
 + Level 4.9(3.3) Fighting
 - Level 9.2(7.4) Bows
 - Level 1.3(0.0) Dodging
 - Level 0.5(0.0) Stealth


You had 5 spell levels left.
You didn't know any spells.

Dungeon Overview and Level Annotations

Branches:
Dungeon (4/15)
 Temple: D:4-7

Altars:
Fedhas
Trog
Vehumet

Shops:
D:4 :

Annotations:
D:4 Blork the orc; daryashkoh's ghost, amateur TrMo


Innate Abilities, Weirdness & Mutations

You have hooves in place of feet.
Armour fits poorly on your strangely shaped body.
You cover ground very quickly.
You have extremely tough skin (AC +3).


Message History

You feel a bit more experienced. The giant frog hits you.
You closely miss the giant frog. The giant frog hits you.
The giant frog hits you.
You hit the giant frog but do no damage.
The giant frog is poisoned.
You kick the giant frog, but do no damage.
The giant frog hits you.
* * * LOW HITPOINT WARNING * * *
The giant frog barely misses you.
You hit the giant frog. You kick the giant frog.
The giant frog is moderately wounded.
The giant frog hits you.
* * * LOW HITPOINT WARNING * * *
The giant frog hits you!
* * * LOW HITPOINT WARNING * * *
Drink which item? (? for menu, Esc to quit)
It was a potion of brilliance.
You feel clever all of a sudden. The giant frog hits you.
You die...

#.#########...........).###
##.#......
#...#########.##.
#..'F..... #...# #.##. #..#
#...# #.##.
#..#########...# #.###
#..{#.....'....# #.##.
#...#.....#.[.## #.##.
##o.#######..## #..'[
#...#...#.@.# ####.
#.#F##.##F..# #.
#.#..#'#...## #.
#.##.......# ##.
#...#.....## #..
###...##### #.. ##### #..
### #


You could see a giant frog.

Vanquished Creatures
  A scorpion (D:4)
  The ghost of Feegtron the Chopper, a weakling MiBe of Trog (D:3)
  A hound (D:4)
  An orc priest (D:3)
  A giant frog skeleton (D:4)
  3 orc wizards
  A worker ant (D:4)
  11 adders
  3 worms
  An adder zombie (D:3)
  2 giant geckos
  10 orcs
  3 ball pythons
  4 giant cockroaches
  7 hobgoblins
  12 jackals
  11 kobolds
  A quokka (D:2)
  8 bats
  A giant gecko zombie (D:4)
  4 giant newts
  6 goblins
  9 rats
102 creatures vanquished.

Notes
Turn   | Place    | Note
--------------------------------------------------------------
     0 | D:1      | valsik64 the Centaur Hunter began the quest for the Orb.
     0 | D:1      | Reached XP level 1. HP: 17/17 MP: 1/1
     2 | D:1      | Noticed a minotaur
     3 | D:1      | Noticed a human
     5 | D:1      | Noticed a demigod
     5 | D:1      | Noticed a gargoyle
     7 | D:1      | Noticed a vine stalker
     9 | D:1      | Noticed a centaur
    11 | D:1      | Noticed a dwarf
    13 | D:1      | Noticed a ghoul
    13 | D:1      | Noticed a demonspawn
    15 | D:1      | Noticed an octopode
    17 | D:1      | Noticed a merfolk
    17 | D:1      | Noticed a vampire
    19 | D:1      | Noticed a formicid
    19 | D:1      | Noticed a troll
    21 | D:1      | Noticed a spriggan
    21 | D:1      | Noticed an ogre
    23 | D:1      | Noticed an elf
    25 | D:1      | Noticed a naga
    25 | D:1      | Noticed a felid
    27 | D:1      | Noticed a tengu
    27 | D:1      | Noticed a draconian
   229 | D:1      | Reached XP level 2. HP: 24/24 MP: 2/2
   286 | D:1      | Reached skill level 6 in Bows
   871 | D:1      | Reached XP level 3. HP: 24/29 MP: 3/3
   944 | D:2      | Found a radiant altar of Vehumet.
   992 | D:2      | Found a bloodstained altar of Trog.
  1037 | D:2      | Became a worshipper of Trog the Wrathful
  1405 | D:2      | Reached skill level 7 in Bows
  1834 | D:2      | Reached XP level 4. HP: 36/36 MP: 4/4
  2155 | D:3      | Noticed Feegtron's ghost (weakling MiBe)
  2325 | D:3      | Reached skill level 8 in Bows
  2429 | D:3      | Acquired Trog's first power
  2492 | D:3      | Reached XP level 5. HP: 26/41 MP: 5/5
  3035 | D:3      | Killed Feegtron's ghost
  3035 | D:3      | Reached skill level 9 in Bows
  3209 | D:3      | Found a blossoming altar of Fedhas.
  3560 | D:4      | Found Jeulug's Book Shoppe.
  3560 | D:4      | Noticed Blork the orc
  3614 | D:4      | Reached XP level 6. HP: 30/50 MP: 6/6
  3916 | D:4      | Acquired Trog's second power
  4573 | D:4      | Noticed daryashkoh's ghost (amateur TrMo)
  5654 | D:4      | Slain by a giant frog

Vault maps used:
D:1:      kb_arrival_jail
D:2:      lightli_temple_of_fire, lemuel_doored_altar, serial_forest,
          infiniplex_forest_straight_4, infiniplex_forest_fountain,
          infiniplex_forest_corner_1, infiniplex_forest_zigzag_2,
          infiniplex_forest_clump_small
D:3:      overflow_temple_1_default, first_bread, serial_bayou_crossing
D:4:      serial_shops, nicolae_shop_stone, st_stairs_6, minmay_divided_ellipse,
          uniq_blork_the_orc

Action                   |  1- 3 |  4- 6 || total
-------------------------+-------+-------++-------
Melee: Short sword       |    32 |   226 ||   258
 Fire: Shortbow          |    77 |     8 ||    85
       Hunting sling     |    11 |    46 ||    57
Throw: Stone             |     4 |    19 ||    23
Invok: Burn Spellbooks   |       |     1 ||     1
  Use: Potion            |       |     1 ||     1
  Eat: Chunk             |     1 |    11 ||    12
